 Dungeon Crawl Stone Soup version 0.30-a0-169-g06f667207d (webtiles) character file.

Game seed: 8092268823809084080

222 Decritt the Trooper (level 6, -2/48 HPs)
             Began as a Djinni Conjurer on Sept 30, 2022.
             Was an Initiate of Makhleb.
             Slain by a phantom (3 damage)
             ... on level 4 of the Dungeon.
             The game lasted 00:07:00 (5170 turns).

Decritt the Trooper (Djinni Conjurer)               Turns: 5170, Time: 00:07:00

Health: -2/48      AC:  2    Str:  6    XL:     6   Next: 19%
Gold:   193        EV: 12    Int: 22    God:    Makhleb [......] SH:  0 Dex: 11

rFire   + + .      SeeInvis .    (no weapon)
rCold   x . .      Faith    .    (no shield)
rNeg    . . .      Spirit   .    a - +0 robe
rPois   ∞          Reflect  .    (no helmet)
rElec   .          Harm     .    (no cloak)
rCorr   .          Rampage  .    (no gloves)
Will    .....                    (boots unavailable)
Stlth   ++........               (no amulet)
HPRegen 0.16/turn                (no ring)
MPRegen 0.00/turn                (no ring)

@: flying
A: sickness immunity, fire resistance 2, cold vulnerability 1, float, innate
caster, HP casting, extra vitality 1
a: Renounce Religion


You were on level 4 of the Dungeon.
You worshipped Makhleb.
Makhleb was noncommittal.
You visited 2 branches of the dungeon, and saw 5 of its levels.

You collected 193 gold pieces.

Inventory:

Missiles
 d - 2 throwing nets
Armour
 a - a +0 robe (worn)
Scrolls
 b - a scroll of fog {unknown}
 f - 2 scrolls of identify {unknown}
 k - a scroll of brand weapon {unknown}
 l - a scroll of enchant weapon {unknown}
Potions
 c - a potion of cancellation {unknown}
 e - a potion of mutation {unknown}
 h - 2 potions of flight


   Skills:
 * Level 4.4 Fighting
 - Level 2.1 Dodging
 - Level 1.5 Stealth
 + Level 4.1 Spellcasting


You couldn't memorise any spells.
You knew the following spells:

 Your Spells              Type           Power      Damage    Failure   Level
a - Magic Dart            Conj           88%        1d7       1%          1
b - Searing Ray           Conj           44%        2d6       3%          2
c - Iskenderun's Mystic   Conj/Tloc      22%        2d6       21%         4
d - Fulminant Prism       Conj/Hex       11%        3d9       21%         4
e - Dazzling Flash        Conj/Hex       44%        N/A       6%          3
f - Foxfire               Conj/Fire      88%        2x1d8     1%          1
g - Call Imp              Summ           22%        N/A       3%          2
Your spell library was empty.

Dungeon Overview and Level Annotations

Branches:
Dungeon (4/15)             Temple (1/1) D:4

Altars:
Ashenzari
Cheibriados
Dithmenos
Fedhas
Gozag
Hepliaklqana
Makhleb
Nemelex Xobeh
Okawaru
Qazlal
Ru
Trog
Uskayaw
Wu Jian
Xom
Yredelemnul
The Shining One

Shops:
D:2 [   D:3 :

Annotations:
D:3 Eustachio


Innate Abilities, Weirdness & Mutations

You are immune to sickness and miasma.
You are immune to poison.
Your flesh is very heat resistant. (rF++)
You are vulnerable to cold. (rC-)
You float through the air rather than walking.
You learn spells naturally, not from books.
Your magical power is your life essence.
You have superior vitality. (+4 MHP)


Message History

The phantom hits you but does no damage.
The searing ray hits the phantom.
The phantom is heavily damaged.
* * * LOW HITPOINT WARNING * * *
The phantom hits you.
* * * LOW HITPOINT WARNING * * *
The phantom blinks!
You blink.
A scorpion comes into view.
Casting: Searing Ray (safe; 3% risk of failure)
Confirm with . or Enter, or press ? or * to list all spells.
Aiming: Searing Ray (safe; 3% risk of failure)
Press: ? - help, Shift-Dir - straight line, f/p - phantom
Aim: a phantom (heavily damaged, 69% to hit)
The searing ray misses the phantom. (Press . to maintain the ray.)
* * * LOW HITPOINT WARNING * * *
The phantom hits you.
* * * LOW HITPOINT WARNING * * *
The phantom blinks!
You blink.
Casting: Searing Ray (safe; 3% risk of failure)
Confirm with . or Enter, or press ? or * to list all spells.
Aiming: Magic Dart (safe; 1% risk of failure)
Press: ? - help, Shift-Dir - straight line, f/p - phantom
Aim: a phantom (heavily damaged, 100% to hit)
The magic dart hits the phantom.
The phantom is severely damaged.
* * * LOW HITPOINT WARNING * * *
The phantom hits you.
* * * LOW HITPOINT WARNING * * *
The phantom blinks!
You blink.
Casting: Magic Dart (safe; 1% risk of failure)
Confirm with . or Enter, or press ? or * to list all spells.
Aiming: Magic Dart (safe; 1% risk of failure)
Press: ? - help, Shift-Dir - straight line, f/p - phantom
Aim: a phantom (severely damaged, 100% to hit)
The magic dart hits the phantom.
The phantom is almost destroyed.
* * * LOW HITPOINT WARNING * * *
The phantom hits you.
You die...

....~≈~~.≈~≈≈~.#.#
#.#.~~≈~.~≈≈≈~.#.#
..#.≈≈≈≈.~~~~≈.#.#
.##.~~~~.).....#.####
.##....(..~~~~......#
.†..~~~~~.≈≈≈≈..###.#
###.≈≈≈≈~.~≈≈≈.####.#######
# .~≈≈≈~.~≈≈~.##......?...
# ~~~~.~~W~.#@W#.####### #
.........#:.)§###### #
####.#..#.>..§....# #
#.....$.$...##.# #
#.###.#..##.# # #.# ##..##
.# ... #..# .# ### #..# ..
.#<. ..


You could see a phantom.

Vanquished Creatures
  A bullfrog (D:4)
  An iguana (D:4)
  4 adders
  A river rat (D:3)
  3 worms
  A dart slug (D:1)
  5 orcs
  14 ball pythons
  7 bats
  8 endoplasms
  2 giant cockroaches
  3 goblins
  6 hobgoblins
  A jackal (D:3)
  3 kobolds
  3 quokkas (D:1)
  2 frilled lizards
  7 rats
72 creatures vanquished.

Vanquished Creatures (others)
  A plant (D:1)
1 creature vanquished.

Grand Total: 73 creatures vanquished

Notes
Turn   | Place    | Note
-------+----------+-------------------------------------------
     0 | D:1      | Decritt the Djinni Conjurer began the quest for the Orb.
     0 | D:1      | Decritt set off with the following spells memorised: Magic
                  | Dart, Searing Ray, Dazzling Flash, Fulminant Prism,
                  | Iskenderun's Mystic Blast.
     0 | D:1      | Reached XP level 1. HP: 15/15 MP: 0/0
   200 | D:1      | Reached skill level 1 in Fighting
   375 | D:1      | Reached XP level 2. HP: 20/22 MP: 0/0
   863 | D:1      | Reached XP level 3. HP: 25/28 MP: 0/0
   863 | D:1      | Learned a level 1 spell: Foxfire
  1178 | D:1      | Found a faded altar of an unknown god.
  1350 | D:2      | Found Enieq's Antique Armour Shoppe.
  1544 | D:2      | Reached XP level 4. HP: 25/34 MP: 0/0
  2090 | D:2      | Found an iron altar of Okawaru.
  2582 | D:3      | Found an ornate altar of the Wu Jian Council.
  2839 | D:3      | Found Feoriomi's Vocational Training.
  3229 | D:3      | Reached XP level 5. HP: 38/40 MP: 0/0
  3229 | D:3      | Learned a level 2 spell: Call Imp
  3291 | D:4      | Noticed Eustachio
  3828 | D:3      | HP: 1/40 [river rat[Eustachio] (6)]
  4508 | D:4      | Noticed a bullfrog
  4514 | D:4      | Killed a bullfrog
  4515 | D:4      | Reached XP level 6. HP: 30/47 MP: 0/0
  4690 | D:4      | Found a staircase to the Ecumenical Temple.
  4767 | Temple   | Entered the Ecumenical Temple
  5072 | Temple   | Became a worshipper of Makhleb the Destroyer
  5169 | D:4      | HP: 2/48 [phantom (4)]
  5170 | D:4      | Slain by a phantom

Illustrated notes

Levels and vault maps discovered:
D:1:      lordsloth_arrival_two_stooges, layout_rooms,
          ebering_ecumenical_altar_sacrificial, kennysheep_minor_cross,
          hangedman_decor_push, grunt_decor_junction, minmay_shallow_snake_nest
D:2:      layout_loops_ring, serial_shops, shop, basic_altar,
          kennysheep_pointless_box
D:3:      layout_rooms, mainiacjoe_overflow_brackets, hangedman_feature_mirror,
          nicolae_shop_vocational
D:4:      layout_loops_ring, minmay_temple_entry_offerings,
          portal_sewer_entry_b, minivault_14, uniq_eustachio
Temple:   minmay_crystal_spiral_temple

Skill      XL: |  1  2  3  4  5 |
---------------+----------------+-----
Fighting       | 1 2 3 4 |  4.4
Spellcasting   | 4 |  4.1
Dodging        | |  2.1
Stealth        | |  1.5

Action                   |  1- 3 |  4- 6 || total
-------------------------+-------+-------++-------
Melee: Unarmed           |    10 |    15 ||    25
 Cast: Magic Dart        |    68 |   121 ||   189
       Searing Ray       |       |     6 ||     6
  Use: Potion            |       |     5 ||     5
       Scroll            |       |     2 ||     2
Armor: Robe              |     4 |    14 ||    18
Dodge: Dodged            |     7 |    60 ||    67

Table legend: (Time is in decaauts)
 A = Elapsed time spent in this place.
 B = Non-inter-level travel time spent in this place.
 C = Inter-level travel time spent in this place.
 D = Time resting spent in this place.
 E = Time spent auto-exploring this place.
 F = Levels seen in this place.
 G = Mean time per level.
                   A        B        C        D        E       F      G
               +--------+--------+--------+--------+--------+-----+--------+
         Total |   5157 |   5016 |    141 |   1489 |   3089 |   5 | 1031.4 |
       Dungeon |   4766 |   4710 |     56 |   1311 |   2979 |   4 | 1191.5 |
        Temple |    390 |    305 |     85 |    178 |    110 |   1 |  390.0 |
               +--------+--------+--------+--------+--------+-----+--------+

Top non-repeatable levels by time:
     D:3: 1547 daAuts
     D:1: 1350 daAuts
     D:2: 1181 daAuts
     D:4: 687 daAuts
  Temple: 390 daAuts
